 Dungeon Crawl Stone Soup version 0.18.1-47-g9310371 (webtiles) character file.

11865 rftp080 the Fighter (level 11, -10/100 HPs)
             Began as a Ghoul Wizard on June 20, 2016.
             Was a High Priest of Vehumet.
             Mangled by a troll (11 damage)
             ... on level 11 of the Dungeon.
             The game lasted 00:44:57 (14126 turns).

rftp080 the Fighter (Ghoul Wizard)                 Turns: 14126, Time: 00:44:58

Health: -10/100    AC: 11    Str: 12    XL:     11   Next: 84%
Magic:  8/14       EV: 11    Int: 16    God:    Vehumet [*****.]
Gold:   833        SH:  0    Dex: 11    Spells: 6 memorised, 1 level left

rFire  . . .     SeeInvis +       - Unarmed
rCold  + . .     Gourm    .     I - +0 ring mail of Dishonesty {Dex+4 Slay+3 SInv} (curse)
rNeg   + + +     Faith    .     (no shield)
rPois  ∞         Spirit   .     b - +0 hat
rElec  .         Dismiss  .     q - +0 cloak
rCorr  .         Reflect  .     C - +2 pair of gloves
SustAt +         Harm     .     (no boots)
MR     .....                    (no amulet)
Stlth  +.........               (no ring)
                                p - ring of sustain attributes

@: very slightly contaminated, rotting, repel missiles, not resistant to hostile
enchantments, very unstealthy
A: rotting body, claws 1, carnivore 3, cold resistance 1, negative energy
resistance 3, slow regeneration 1, torment resistance, unbreathing
a: Renounce Religion


You were on level 11 of the Dungeon.
You worshipped Vehumet.
Vehumet was extremely pleased with you.
You were not hungry.

You visited 2 branches of the dungeon, and saw 13 of its levels.
You also visited: Bailey.

You collected 833 gold pieces.

Inventory:

Hand Weapons
 n - a +3 shortbow of freezing
 A - a +0 blowgun
 J - a +2 spear of piercing
Missiles
 f - 259 stones (quivered)
 x - 5 tomahawks
 z - 11 poisoned needles
 E - 68 sling bullets
 N - 4 needles of sleeping
 T - 5 exploding tomahawks
Armour
 b - a +0 hat (worn)
 g - a +1 ice dragon armour
 q - a +0 cloak (worn)
 y - a +1 large shield of cold resistance
 C - a +2 pair of gloves (worn)
 D - the +3 robe of Folly {Archmagi, MR-- Int+5 *Curse}
   (You found it on level 4 of the Dungeon)

   It affects your intelligence (+5).
   It affects your resistance to hostile enchantments.
   It may re-curse itself when equipped.
 I - the cursed +0 ring mail of Dishonesty (worn) {Dex+4 Slay+3 SInv}
   (You found it on level 10 of the Dungeon)

   It affects your dexterity (+4).
   It affects your accuracy and damage with ranged weapons and melee attacks
   (+3).
   It lets you see invisible.
   It has a curse placed upon it.
Magical Staves
 a - an uncursed staff of summoning
 L - an uncursed staff of earth
Jewellery
 l - an uncursed amulet of harm {unknown}
 p - a ring of sustain attributes (left hand)
 G - a +3 ring of intelligence {unknown}
 V - an uncursed ring of see invisible {unknown}
 X - a +5 ring of slaying {unknown}
Wands
 t - a wand of confusion (13/48)
 M - a wand of confusion (6/48)
 O - a wand of digging (8/24)
 R - a wand of paralysis (9/24)
Scrolls
 i - 4 scrolls of enchant weapon
 j - 4 scrolls of identify
 o - 5 scrolls of remove curse
 v - a scroll of teleportation
 K - 2 scrolls of immolation {unknown}
 S - a scroll of fog
 Z - a scroll of holy word {unknown}
Potions
 e - a potion of invisibility
 h - a potion of flight {unknown}
 k - 4 potions of curing
 m - a potion of resistance
 r - 2 potions of mutation {unknown}
 s - a potion of degeneration {unknown}
 u - 2 potions of heal wounds {unknown}
 w - 2 potions of haste
 B - 4 potions of brilliance {unknown}
 F - a potion of agility {unknown}
 H - a potion of magic {unknown}
 P - a potion of ambrosia {unknown}
 Q - 2 potions of cancellation {unknown}
Books
 c - a book of Minor Magic

   Spells                             Type                      Level
   a - Magic Dart                     Conjuration                  1
   b - Blink                          Translocation                2
   c - Call Imp                       Summoning                    2
   d - Repel Missiles                 Charms/Air                   2
   e - Slow                           Hexes                        2
   f - Conjure Flame                  Conjuration/Fire             3
   g - Mephitic Cloud                 Conjuration/Poison/Air       3
Comestibles
 d - 6 meat rations
 U - 2 beef jerkies
 W - 8 slices of pizza


   Skills:
 - Level 10.2 Fighting
 + Level 9.3 Armour
 - Level 1.7 Dodging
 - Level 2.1 Stealth
 - Level 9.4 Unarmed Combat
 - Level 2.6 Spellcasting
 - Level 5.1 Conjurations
   Level 0.8 Summonings
 - Level 0.8 Translocations
 - Level 6.3 Earth Magic
 - Level 2.0 Poison Magic


You had one spell level left.
You knew the following spells:

 Your Spells              Type           Power        Failure   Level  Hunger
a - Magic Dart            Conj           ###.         1%          1    #......
b - Blink                 Tloc           N/A          38%         2    ##.....
c - Repel Missiles        Chrm/Air       #.....       63%         2    ##.....
d - Mephitic Cloud        Conj/Pois/Air  #.......     12%         3    ###....
e - Conjure Flame         Conj/Fire      ##......     12%         3    ###....
f - Stone Arrow           Conj/Erth      ###...       4%          3    ###....


Dungeon Overview and Level Annotations

Branches:
Dungeon (12/15)            Temple (0/1) D:4            Lair (1/8) D:9
    Orc (0/2) D:11

Altars:
Ashenzari
Cheibriados
Gozag
Kikubaaqudgha
Pakellas
Qazlal
Ru
Sif Muna
Trog
Vehumet
Xom
Yredelemnul
The Shining One

Annotations:
D:5 KrisztiCat's ghost, amateur GrEE


Innate Abilities, Weirdness & Mutations

Your body is rotting away.
You thrive on raw meat.
You are immune to poison.
You have sharp fingernails.
You are carnivorous and can eat meat at any time.
Your flesh is cold resistant.
You are immune to negative energy.
You regenerate slowly when monsters are visible.
You are immune to unholy pain and torment.
You can survive without breathing.


Message History

The troll claws you.
* * * LOW HITPOINT WARNING * * *
Unknown command.
Casting: Mephitic Cloud
Confirm with . or Enter, or press ? or * to list all spells.
You miscast Blink.
You are very lightly contaminated with residual magic.
You feel uncomfortable. The troll bites you.
* * * LOW HITPOINT WARNING * * *
The troll claws you!
* * * LOW HITPOINT WARNING * * *
The troll claws you but does no damage.
Read which item? (? for menu, Esc to quit)
Okay, then.
Casting: Blink
Confirm with . or Enter, or press ? or * to list all spells.
You miscast Blink.
Nothing appears to happen.
The troll bites you!
* * * LOW HITPOINT WARNING * * *
The troll claws you!
You die...

#.....................#..
#.........#####..######..
#.........#...#..#.......
#.........#...#.##...<...
####......#...#.#........
#......#...#.#.......#
#......#...#.#.......#
###...(..###'#.#.......#
#......@..(....#.......'
#...†...T.(.(>.#.......#
#.....#######..#.......#
#.....#.....#..#'#######
#.....'.....#.......)...
#.....#.....#(..........
#.....#.....#........[..
####..#.....#...........
#..'.....'...........


You could see a troll.

Vanquished Creatures
  A centaur warrior (D:11)
  4 orc knights (Bailey)
  A griffon (D:11)
  3 trolls
  Prince Ribbit (D:7)
  Sigmund (D:6)
  A wyvern (D:8)
  A hungry ghost (D:7)
  3 hippogriffs
  A human (D:8)
  Duvessa (D:7)
  An ice beast (D:7)
  14 orc warriors
  4 sky beasts
  4 black bears
  An eye of draining (D:11)
  2 phantoms
  A necrophage (D:7)
  10 centaurs
  8 ogres
  2 crocodiles
  A big kobold (D:10)
  5 giant frogs
  A wyvern zombie (D:6)
  A gnoll sergeant (D:10)
  Dowan (D:7)
  6 scorpions
  10 howler monkeys
  A centaur zombie (D:6)
  3 giant frog zombies
  4 crimson imps
  4 jellies
  Crazy Yiuf (D:7)
  3 hounds
  9 orc priests
  4 centaur skeletons
  12 orc wizards
  2 giant frog skeletons
  Ijyb (D:2)
  12 worker ants
  8 iguanas
  A killer bee zombie (D:9)
  3 hound skeletons
  A howler monkey zombie (D:8)
  4 worker ant zombies
  10 gnolls
  13 adders
  A shadow imp (D:6)
  An ooze (D:2)
  4 adder zombies
  An adder skeleton (D:4)
  4 worms
  A dart slug (D:1)
  5 giant geckos
  48 orcs
  5 bats
  2 giant cockroaches
  4 goblins
  3 hobgoblins
  9 jackals
  2 quokkas
  A ball python (D:5)
  A giant gecko zombie (D:7)
  4 giant newts
  7 kobolds
  A quokka skeleton (D:4)
  9 rats
299 creatures vanquished.

Vanquished Creatures (others)
  An orc wizard (D:3)
1 creature vanquished.

Grand Total: 300 creatures vanquished

Notes
Turn   | Place    | Note
--------------------------------------------------------------
     0 | D:1      | rftp080 the Ghoul Wizard began the quest for the Orb.
     0 | D:1      | Reached XP level 1. HP: 14/14 MP: 3/3
    91 | D:1      | Reached skill level 1 in Unarmed Combat
   366 | D:1      | Reached XP level 2. HP: 14/20 MP: 0/4
  1345 | D:2      | Reached XP level 3. HP: 16/26 MP: 1/6
  1820 | D:2      | Noticed Ijyb
  1844 | D:2      | Killed Ijyb
  1844 | D:2      | Reached XP level 4. HP: 30/33 MP: 7/7
  1879 | D:2      | Learned a level 2 spell: Blink
  1882 | D:2      | Learned a level 2 spell: Repel Missiles
  2341 | D:3      | Reached XP level 5. HP: 36/38 MP: 8/8
  2355 | D:3      | Reached skill level 5 in Unarmed Combat
  2412 | D:3      | Found a glowing golden altar of the Shining One.
  2515 | D:3      | Noticed a phantom
  2564 | D:3      | Killed a phantom
  2564 | D:3      | Reached XP level 6. HP: 24/45 MP: 1/9
  3194 | D:4      | Learned a level 3 spell: Mephitic Cloud
  3335 | D:4      | Reached XP level 7. HP: 37/49 MP: 4/10
  3445 | D:4      | Found a radiant altar of Vehumet.
  3468 | D:4      | Became a worshipper of Vehumet
  3482 | D:4      | Found a staircase to the Ecumenical Temple.
  3606 | D:4      | Reached skill level 1 in Conjurations
  3860 | D:4      | Found a shimmering altar of Xom.
  4259 | D:4      | Found a sacrificial altar of Ru.
  4400 | D:5      | Entered Level 5 of the Dungeon
  4691 | D:5      | Found a deep blue altar of Sif Muna.
  4764 | D:5      | Reached XP level 8. HP: 35/57 MP: 11/11
  4905 | D:5      | Reached * piety under Vehumet
  4905 | D:5      | Offered knowledge of Sting by Vehumet.
  5026 | D:5      | Noticed KrisztiCat's ghost (amateur GrEE)
  5227 | D:6      | Reached skill level 5 in Conjurations
  5338 | D:6      | Reached skill level 1 in Fighting
  5706 | D:6      | Reached skill level 2 in Fighting
  5728 | D:6      | Found a bloodstained altar of Trog.
  5761 | D:6      | Noticed Sigmund
  5906 | D:6      | Killed Sigmund
  5906 | D:6      | Reached skill level 3 in Fighting
  5906 | D:6      | Reached XP level 9. HP: 70/70 MP: 10/12
  5930 | D:6      | Reached skill level 4 in Fighting
  6157 | D:6      | Found an ancient bone altar of Kikubaaqudgha.
  6308 | D:7      | Learned a level 3 spell: Conjure Flame
  6385 | D:7      | Reached ** piety under Vehumet
  6385 | D:7      | Offered knowledge of Throw Flame by Vehumet.
  6496 | D:7      | Reached skill level 5 in Fighting
  6752 | D:7      | Reached skill level 6 in Fighting
  6978 | D:7      | Noticed Crazy Yiuf
  6990 | D:7      | Killed Crazy Yiuf
  7046 | D:7      | Reached skill level 7 in Fighting
  7170 | D:7      | Noticed Duvessa
  7171 | D:7      | Noticed Dowan
  7188 | D:7      | Killed Duvessa
  7195 | D:7      | Killed Dowan
  7310 | D:7      | Noticed Prince Ribbit
  7324 | D:7      | Killed Prince Ribbit
  7324 | D:7      | Reached skill level 8 in Fighting
  7358 | D:7      | Found a stormy altar of Qazlal.
  7430 | D:7      | Reached skill level 9 in Fighting
  7430 | D:7      | Reached XP level 10. HP: 61/91 MP: 2/13
  8020 | D:8      | Noticed a hill giant
  8044 | D:8      | Offered knowledge of Stone Arrow by Vehumet.
  8044 | D:8      | Reached skill level 10 in Fighting
  8083 | D:7      | Learned a level 3 spell: Stone Arrow
  8196 | D:7      | Reached skill level 1 in Earth Magic
  8254 | D:8      | Found a shattered altar of Ashenzari.
  8394 | D:8      | Found a snail-covered altar of Cheibriados.
  8410 | D:8      | Reached *** piety under Vehumet
  8782 | D:9      | Found a staircase to the Lair.
  8802 | D:9      | Offered knowledge of Force Lance by Vehumet.
  9033 | D:9      | Reached skill level 5 in Earth Magic
  9873 | D:9      | Found a basalt altar of Yredelemnul.
  9874 | D:9      | Found an opulent altar of Gozag.
  9915 | D:9      | Found an oddly glowing altar of Pakellas.
  9952 | D:10     | Entered Level 10 of the Dungeon
  9981 | D:10     | Reached **** piety under Vehumet
 10010 | D:10     | Found a flagged portal.
 10030 | D:10     | Reached skill level 1 in Armour
 10044 | Bailey   | Entered a bailey
 10112 | Bailey   | Offered knowledge of Olgreb's Toxic Radiance by Vehumet.
 10125 | Bailey   | Noticed an orc knight
 10328 | Bailey   | Noticed an orc knight
 10329 | Bailey   | Noticed an orc knight
 10333 | Bailey   | Killed an orc knight
 10333 | Bailey   | Killed an orc knight
 10333 | Bailey   | Reached XP level 11. HP: 99/99 MP: 4/14
 10335 | Bailey   | Killed an orc knight
 10335 | Bailey   | Reached skill level 5 in Armour
 10405 | Bailey   | Noticed an orc knight
 10413 | Bailey   | Killed an orc knight
 10724 | D:10     | Got a bronze ring mail
 10736 | D:10     | Identified the cursed +0 ring mail of Dishonesty {Dex+4 Slay+3 SInv} (You found it on level 10 of the Dungeon)
 11328 | D:10     | Reached ***** piety under Vehumet
 11419 | D:11     | Offered knowledge of Bolt of Magma by Vehumet.
 11794 | D:11     | Noticed a five-headed hydra
 12731 | Lair:1   | Entered Level 1 of the Lair of Beasts
 12731 | Lair:1   | Noticed a six-headed hydra
 13057 | D:11     | Noticed a griffon
 13072 | D:11     | Killed a griffon
 13173 | D:11     | Noticed a centaur warrior
 13200 | D:11     | Killed a centaur warrior
 13395 | D:11     | Noticed an unseen horror
 13425 | D:11     | Noticed a hill giant
 13638 | D:11     | Found a staircase to the Orcish Mines.
 14126 | D:11     | HP: 1/100 [troll (7)]
 14126 | D:11     | Mangled by a troll

Skill      XL: |  1  2  3  4  5  6  7  8  9 10 11 |
---------------+----------------------------------+-----
Unarmed Combat | 1 2 4 6 7 8 9 |  9.4
Conjurations   | 3 5 |  5.1
Poison Magic   | 2 |  2.0
Fighting       | 3 9 10 | 10.2
Earth Magic    | 6 |  6.3
Armour         | 4 9 |  9.3
Dodging        | |  1.7
Stealth        | |  2.1
Spellcasting   | |  2.6
Summonings     | |  0.8
Translocations | |  0.8

Action                   |  1- 3 |  4- 6 |  7- 9 | 10-12 || total
-------------------------+-------+-------+-------+-------++-------
Melee: Unarmed           |    86 |   194 |   416 |   625 ||  1321
       Punch             |     1 |     4 |    11 |    22 ||    38
Throw: Stone             |    21 |    13 |       |     6 ||    40
 Cast: Magic Dart        |    30 |    21 |    43 |    69 ||   163
       Repel Missiles    |       |     5 |       |     3 ||     8
       Mephitic Cloud    |       |       |    21 |    78 ||    99
       Conjure Flame     |       |       |     1 |       ||     1
       Blink             |       |       |       |     5 ||     5
       Stone Arrow       |       |       |       |    11 ||    11
Evoke: Wand              |       |       |       |     7 ||     7
  Use: Potion            |     2 |       |     1 |     2 ||     5
       Scroll            |       |     4 |       |    10 ||    14
 Stab: Sleeping          |     1 |     1 |     4 |     2 ||     8
       Confused          |       |       |     8 |    22 ||    30
  Eat: Chunk             |     4 |    37 |    85 |    97 ||   223
Armor: Robe              |     8 |     2 |    91 |   125 ||   226
       Leather armour    |    14 |    30 |       |       ||    44
       Ring mail         |       |       |       |   121 ||   121
Dodge: Dodged            |    41 |    86 |   174 |   289 ||   590
       Deflected         |       |     6 |       |     4 ||    10
